 Dungeon Crawl Stone Soup version 0.20.0-8-g6b59dc7 (webtiles) character file.

894 Hasart the Covered (level 7, -1/64 HPs)
             Began as a Deep Dwarf Fighter on June 2, 2017.
             Was an Initiate of Makhleb.
             Slain by an ogre
             ... wielding a +0 giant club
              (15 damage)
             ... on level 5 of the Dungeon.
             The game lasted 00:09:51 (4330 turns).

Hasart the Covered (Deep Dwarf Fighter)             Turns: 4330, Time: 00:09:52

Health: -1/64      AC:  8    Str: 21    XL:     7   Next: 78%
Magic:  5/5        EV:  9    Int:  9    God:    Makhleb [......]
Gold:   254        SH: 10    Dex: 12    Spells: 6/6 levels left

rFire    . . .     SeeInvis .   a - +0 long sword
rCold    . . .     Gourm    .   c - +0 shield
rNeg     . . .     Faith    .   b - +0 scale mail
rPois    .         Spirit   .   g - +0 helmet
rElec    .         Reflect  .   (no cloak)
rCorr    .         Harm     .   (no gloves)
MR       +....                  (no boots)
Stlth    ..........             (no amulet)
Regen    0.0/turn               (no ring)
MPRegen  0.1/turn               (no ring)

@: non-regenerating
A: damage resistance, heal wounds, sense surroundings 1, no regeneration
a: Heal Wounds, Renounce Religion


You were on level 5 of the Dungeon.
You worshipped Makhleb.
Makhleb was noncommittal.
You were not hungry.

You visited 2 branches of the dungeon, and saw 7 of its levels.

You collected 254 gold pieces.

Inventory:

Hand Weapons
 a - a +0 long sword (weapon)
Armour
 b - a +0 scale mail (worn)
 c - a +0 shield (worn)
 g - a +0 helmet (worn)
Jewellery
 q - an uncursed ring of see invisible {unknown}
Wands
 d - a wand of flame (7/48)
Scrolls
 e - 2 scrolls of enchant armour {unknown}
 j - 2 scrolls of fog {unknown}
 k - a scroll of blinking {unknown}
 l - a scroll of enchant weapon {unknown}
 m - a scroll of teleportation {unknown}
 n - 4 scrolls of identify {unknown}
 o - 2 scrolls of remove curse {unknown}
 p - a scroll of recharging {unknown}
Potions
 i - a potion of berserk rage {unknown}
Comestibles
 f - 4 bread rations
 h - 2 royal jellies
 r - 2 fruits


   Skills:
 + Level 4.1 Fighting
 * Level 5.2 Long Blades
 + Level 5.3 Armour
 + Level 4.0 Dodging
 + Level 5.0 Shields
 * Level 1.0 Invocations


You had 6 spell levels left.
You didn't know any spells.

Dungeon Overview and Level Annotations

Branches:
Dungeon (6/15)             Temple (1/1) D:4

Altars:
Ashenzari
Cheibriados
Elyvilon
Fedhas
Gozag
Hepliaklqana
Kikubaaqudgha
Makhleb
Nemelex Xobeh
Okawaru
Qazlal
Ru
Sif Muna
Trog
Vehumet
Yredelemnul
Zin
The Shining One

Shops:
D:4 (


Innate Abilities, Weirdness & Mutations

You are resistant to damage.
You can heal yourself by infusing magical energy.
You passively map a small area around you.
You do not regenerate.


Message History

A shadow imp comes into view.
A shadow imp is nearby!
An ogre comes into view. It is wielding a giant club.
The ogre shouts!
Found a glowing hunting sling.
The shadow imp puffs mist at you. The shadow imp closely misses you.
Found 6 gold pieces.
You hit the shadow imp but do no damage.
You block the shadow imp's attack. The shadow imp barely misses you.
You riposte.
You slash the shadow imp!
The shadow imp is almost dead.
You hit the shadow imp but do no damage.
The shadow imp is almost dead.
The shadow imp hits you but does no damage.
You hit the shadow imp.
You kill the shadow imp!
Makhleb accepts your kill. The ogre hits you with a giant club!
You die...

* , +.......... * *
#$...#*#........##
#....# #.######.# *
#....# #.# ##.## . ,
**#...)###<#####.... ..
+....+.........>## * #.
#....#########.##
#..###.O..# #.# #
##.....@#+#* #.### ,
..........# #...# *
####.##.### ###.# # #.#
#.# *#.# #.. ###+##'###
#####
#........##########....
#........'..........###
#.....)..#########..#..


You could see an ogre.

Vanquished Creatures
  Sigmund (D:3)
  Duvessa (D:4)
  An ogre (D:4)
  Dowan (D:4)
  A scorpion (D:3)
  An orc wizard (D:6)
  An iguana (D:5)
  Natasha (thrice) (D:3)
  A worker ant (D:4)
  A howler monkey zombie (D:5)
  11 gnolls
  6 adders
  2 shadow imps
  An ooze (D:4)
  A worm (D:2)
  2 dart slugs
  4 leopard geckos
  5 orcs
  6 bats
  2 giant cockroaches
  9 goblins
  12 hobgoblins
  6 jackals
  2 quokkas
  3 frilled lizards
  10 kobolds
  4 rats
98 creatures vanquished.

Notes
Turn   | Place    | Note
-------+----------+-------------------------------------------
     0 | D:1      | Hasart the Deep Dwarf Fighter began the quest for the Orb.
     0 | D:1      | Reached XP level 1. HP: 20/20 MP: 1/1
    64 | D:1      | Reached XP level 2. HP: 18/27 MP: 2/2
   411 | D:1      | Reached XP level 3. HP: 12/33 MP: 3/3
   461 | D:1      | Reached skill level 1 in Dodging
   821 | D:2      | Found a radiant altar of Vehumet.
   821 | D:2      | Found a shattered altar of Ashenzari.
   821 | D:2      | Found a deep blue altar of Sif Muna.
   894 | D:2      | Reached XP level 4. HP: 33/42 MP: 3/3
  1439 | D:3      | Found a faded altar of an unknown god.
  1597 | D:3      | Reached XP level 5. HP: 36/49 MP: 4/4
  1655 | D:3      | HP: 1/49 [gnoll/halberd (2)]
  2115 | D:3      | Noticed Sigmund
  2128 | D:3      | HP: 1/49 [something/puff of flame (5)]
  2131 | D:3      | Killed Sigmund
  2131 | D:3      | Reached XP level 6. HP: 23/56 MP: 5/5
  2473 | D:3      | Noticed Natasha
  2495 | D:3      | HP: 2/56 [white imp/puff of frost[Natasha] (8)]
  2501 | D:3      | Killed Natasha
  2635 | D:3      | Noticed Natasha
  2643 | D:3      | Killed Natasha
  2683 | D:3      | Noticed Natasha
  2690 | D:3      | Killed Natasha
  2748 | D:4      | Found Iluotil's Weapon Boutique.
  2903 | D:4      | Noticed Duvessa
  2903 | D:4      | Noticed Dowan
  2934 | D:4      | Killed Duvessa
  2934 | D:4      | Reached XP level 7. HP: 46/63 MP: 5/5
  2945 | D:4      | Killed Dowan
  2945 | D:4      | Reached skill level 5 in Armour
  3141 | D:4      | Found a staircase to the Ecumenical Temple.
  3413 | D:4      | You fall through a shaft for 2 floors!
  3457 | D:6      | Reached skill level 5 in Shields
  3466 | D:6      | Reached skill level 5 in Long Blades
  3488 | D:5      | Entered Level 5 of the Dungeon
  3588 | Temple   | Entered the Ecumenical Temple
  3724 | Temple   | Became a worshipper of Makhleb the Destroyer
  4076 | D:5      | Reached skill level 1 in Invocations
  4330 | D:5      | Slain by an ogre

Skill      XL: |  1  2  3  4  5  6  7 |
---------------+----------------------+-----
Dodging        | 1 2 3 4 |  4.0
Fighting       | 3 4 |  4.1
Armour         | 4 5 |  5.3
Long Blades    | 3 4 5 |  5.2
Shields        | 4 5 |  5.0
Invocations    | 1 |  1.0

Action                   |  1- 3 |  4- 6 |  7- 9 || total
-------------------------+-------+-------+-------++-------
Melee: Long sword        |   127 |   227 |   108 ||   462
 Abil: Heal Wounds       |     1 |     7 |     3 ||    11
  Use: Potion            |       |     6 |       ||     6
  Eat: Chunk             |       |     7 |       ||     7
       Meat ration       |       |       |     1 ||     1
       Fruit             |       |       |     1 ||     1
Armor: Scale mail        |    75 |    79 |    16 ||   170
Dodge: Dodged            |    62 |    96 |    33 ||   191
Block: Shield            |   101 |   110 |    50 ||   261
       Rpst.: Long sword |    26 |    36 |    11 ||    73
